 Dungeon Crawl Stone Soup version 0.27.1-34-g3ba077fa99 (webtiles) character file.

Game seed: 1970600715861350983

61000 Sharkman1231 the Cruncher (level 14, -2/110 HPs)
             Began as a Demonspawn Gladiator on Jan 2, 2022.
             Was an Elder of Sif Muna.
             Killed from afar by a catoblepas (6 damage)
             ... with a blast of calcifying dust
             ... on level 6 of the Lair of Beasts on Jan 3, 2022.
             The game lasted 00:27:30 (30384 turns).

Sharkman1231 the Cruncher (Demonspawn Gladiator)   Turns: 30384, Time: 00:27:30

Health: -2/110     AC: 15    Str: 15    XL:     14   Next: 59%
Magic:  21/21      EV: 30    Int: 13    God:    Sif Muna [****..]
Gold:   1212       SH:  4    Dex: 16    Spells: 6/13 levels left

rFire    + . .     SeeInvis .   p - +3 quarterstaff (chaos)
rCold    . . .     Faith    .   (shield currently unavailable)
rNeg     . . .     Spirit   .   s - +1 scale mail {rF+}
rPois    .         Reflect  .   c - +0 helmet
rElec    .         Harm     .   q - +0 cloak
rCorr    .         Rampage  .   B - +1 pair of gloves
Will     +++..                  (boots unavailable)
Stlth    +.........             J - amulet of the acrobat
HPRegen  0.28/turn              l - ring of willpower
MPRegen  0.17/turn              G - +4 ring of slaying

@: acrobatic, studying Staves
A: hooves 3, icemail 1, sturdy frame 2, condensation shield, demonic magic 2,
demonic willpower
a: Renounce Religion, Channel Magic, Forget Spell, Divine Exegesis


You were on level 6 of the Lair of Beasts.
You worshipped Sif Muna.
Sif Muna was greatly pleased with you.
You visited 3 branches of the dungeon, and saw 17 of its levels.
You also visited: Volcano.

You collected 1248 gold pieces.
You spent 36 gold pieces at shops.

Inventory:

Hand Weapons
 a - a +0 quarterstaff
 b - a +0 whip of venom
 p - a +3 quarterstaff of chaos (weapon)
 K - a +2 quick blade of flaming
Missiles
 d - 2 throwing nets (quivered)
 h - 81 poisoned darts
 i - 8 javelins
Armour
 c - a +0 helmet (worn)
 q - a +0 cloak (worn)
 s - a +1 scale mail of fire resistance (worn)
 x - +0 steam dragon scales
 B - a +1 pair of gloves (worn)
 E - a +3 leather armour of willpower
Jewellery
 l - a ring of willpower (left hand)
 z - a +6 ring of dexterity
 G - a +4 ring of slaying (right hand)
 J - an amulet of the acrobat (around neck)
 O - a ring of resist corrosion
 Q - an amulet of magic regeneration
 R - a ring of see invisible
Wands
 j - a wand of polymorph (9)
 u - a wand of mindburst (6)
 C - a wand of digging (6)
Scrolls
 g - 2 scrolls of enchant armour
 v - a scroll of holy word
 y - a scroll of silence
 A - 2 scrolls of enchant weapon
 N - a scroll of amnesia
Potions
 e - 5 potions of brilliance
 f - 3 potions of curing
 k - 2 potions of attraction
 m - 3 potions of flight
 n - 3 potions of magic
 r - 5 potions of haste
 t - a potion of heal wounds
 w - 4 potions of cancellation
 D - a potion of lignification
 F - a potion of invisibility
 H - 2 potions of resistance
 I - 2 potions of might
Miscellaneous
 M - a phial of floods


   Skills:
 - Level 10.0 Fighting
 - Level 14.0 Staves
 - Level 1.7 Throwing
 - Level 8.0 Dodging
 + Level 13.7 Summonings
 - Level 10.0 Invocations
 - Level 6.0 Evocations


You had 6 spell levels left.
You knew the following spells:

 Your Spells              Type           Power      Damage    Failure   Level
a - Monstrous Menagerie   Summ           17%        N/A       83%         7

Your spell library contained the following spells:

 Spells                   Type           Power      Damage    Failure   Level
 Call Canine Familiar     Summ           35%        N/A       1%          3
 Summon Guardian Golem    Hex/Summ       17%        N/A       10%         3
 Animate Skeleton         Necr           0%         N/A       45%         1
 Pain                     Necr           0%         1d4       45%         1
 Sting                    Tmut/Pois      0%         1d3       45%         1
 Ensorcelled Hibernation  Hex/Ice        0%         N/A       61%         2
 Slow                     Hex            0%         N/A       61%         2
 Confusing Touch          Hex            0%         N/A       83%         3
 Gell's Gravitas          Tloc           0%         N/A       83%         3
 Ignite Poison            Fire/Tmut/Pois 0%         N/A       83%         3
 Inner Flame              Hex/Fire       0%         N/A       83%         3
 Lesser Beckoning         Tloc           0%         N/A       83%         3
 Portal Projectile        Hex/Tloc       0%         N/A       83%         3
 Teleport Other           Tloc           0%         N/A       83%         3
 Vampiric Draining        Necr           0%         2d6       83%         3
 Irradiate                Conj/Tmut      0%         3d13      100%        5
 Yara's Violent Unravell  Hex/Tmut       0%         3d3       100%        5
 Dragon Form              Tmut           0%         N/A       100%        7
 Spellforged Servitor     Conj/Summ      8%         N/A       100%        7
 Summon Horrible Things   Summ           17%        N/A       100%        8
 Polar Vortex             Ice            0%         N/A       100%        9


Dungeon Overview and Level Annotations

Branches:
Dungeon (10/15)            Temple (0/1) D:7            Lair (6/6) D:8
  Swamp (0/4) Lair:3       Spider (0/4) Lair:2        Slime (1/5) Lair:5
Volcano (visited)
    Orc: D:9-12

Altars:
Hepliaklqana
Kikubaaqudgha
Sif Muna
Uskayaw

Shops:
D:7 [   D:10 *

Annotations:
Lair:4 exclusion: ice statue
Lair:6 2 transporters, exclusion: oklob plant, Nutum's ghost, journeyman OpTm; Sede's ghost, journeyman HOFi


Innate Abilities, Weirdness & Mutations

You have hooves in place of feet.
A meltable icy envelope protects you from harm. (AC +4)
Your movements are less encumbered by armour. (ER -4)
A meltable shield of frost defends you. (SH +4)
Spells you cast may paralyse nearby enemies.
You punish those that try to bend your will. (Will+)


Message History

Unknown command.
Unknown command.
Unknown command.
Unknown command.
Unknown command.
Unknown command.
Unknown command.
Unknown command.
Unknown command.
Unknown command.
Unknown command.
Unknown command.
Unknown command.
Unknown command.
Unknown command.
Unknown command.
Unknown command.
Unknown command.
Unknown command.
Unknown command.
Unknown command.
Unknown command.
Unknown command.
Unknown command.
Unknown command.
Unknown command.
Unknown command.
Unknown command.
The death yak closely misses you.
Unknown command.
The komodo dragon hisses angrily.
The wyvern hisses angrily.
You hear a bleat!
The catoblepas breathes a plume of calcifying dust at you.
The blast of calcifying dust hits you but does no damage.
The komodo dragon hisses angrily.
The seven-headed hydra roars!
Nutum's ghost turns its malevolent gaze towards you.
You hear an angry hiss.
The catoblepas breathes a plume of calcifying dust at you.
The blast of calcifying dust hits you.
You die...

≈♣≈...............8...P.##...#.#.
♣P♣........8..............P......
♣≈Y........§........#...#..P....#
≈≈.......§§§§....##...P.##.#.....
♣♣..Y....§§Y.§...................
≈≈...Y.....§§.Y§§§§§§............
≈.......§.§#§.§§Y................
≈##.##...§#####Y#..©.............
######.##.# ####@#####.........÷.
# #.#####§###...##.©l##..........
###.#..##.#..#.##l###.##.........
.P....#.......##..l....##........
.......<.....##8≈≈.≈$.S8##.......
............##..#D###$#.≈##......
.......P...##DD..##.##Y...##.....
........#..#W#S$## W|##..#.#.....
...........#.#..#D} .#..#l#.....


You could see a catoblepas, a seven-headed hydra, 2 komodo dragons, 2 yaks, a
water moccasin, a wyvern and Nutum's ghost.

Vanquished Creatures
  Rupert (Lair:4)
  Kirke (Lair:3)
  10 hydras
  A boulder beetle (Lair:3)
  A catoblepas (Lair:5)
  An ice dragon (Lair:4)
  An anaconda (Lair:5)
  4 two-headed ogres
  A two-headed ogre (shapeshifter) (Volcano)
  5 death yaks
  A hell hog (Volcano)
  Sonja (Lair:1)
  4 bog bodies (Lair:3)
  An oklob plant (Lair:5)
  A salamander (Volcano)
  7 black mambas
  10 elephants
  3 torpor snails
  Maggie (D:6)
  2 rime drakes (Lair:5)
  21 cane toads
  16 komodo dragons
  2 hornets
  2 polar bears
  18 blink frogs
  A slime creature (Lair:5)
  22 dream sheep
  A spriggan (Lair:5)
  Sigmund (D:2)
  2 basilisks
  10 yaks
  A yak (shapeshifter) (Lair:5)
  7 wyverns
  2 fire bats (Volcano)
  6 hogs
  4 steam dragons
  Edmund (D:5)
  A swamp worm (Lair:4)
  Duvessa (D:4)
  An acid dragon (D:7)
  9 water moccasins
  15 ice beasts
  2 black bears
  2 ogres
  A centaur (D:5)
  5 necrophages
  A phantom (D:4)
  8 wolves
  Blork the orc (D:5)
  A gnoll sergeant (D:9)
  11 bullfrogs
  3 scorpions
  A water moccasin zombie (D:7)
  Dowan (D:4)
  9 killer bees
  15 wights
  A howler monkey (D:4)
  An electric eel (Lair:3)
  2 bullfrog zombies
  2 centaur zombies
  A human zombie (D:4)
  3 orc priests
  2 jellies (Lair:5)
  Crazy Yiuf (D:3)
  A hound (D:6)
  2 iguanas
  5 orc wizards
  Natasha (thrice) (D:2)
  2 hound zombies (D:4)
  3 mummies (D:4)
  7 adders
  8 gnolls
  4 white imps
  4 ufetubi
  2 adder zombies
  3 dart slugs
  18 orcs
  4 bats
  10 endoplasms
  3 giant cockroaches
  7 goblins
  7 hobgoblins
  5 jackals
  13 kobolds
  8 ball pythons
  9 frilled lizards
  13 rats
416 creatures vanquished.

Vanquished Creatures (others)
  3 two-headed ogres (Volcano)
  A centaur (Volcano)
  51 fungi
  193 plants
248 creatures vanquished.

Grand Total: 664 creatures vanquished

Notes
Turn   | Place    | Note
-------+----------+-------------------------------------------
     0 | D:1      | Sharkman1231 the Demonspawn Gladiator began the quest for
                  | the Orb.
     0 | D:1      | Reached XP level 1. HP: 16/16 MP: 1/1
   168 | D:1      | Reached skill level 3 in Staves
   175 | D:1      | Gained mutation: You have large cloven feet. [demonic
                  | ancestry]
   175 | D:1      | Reached XP level 2. HP: 20/22 MP: 2/2
   466 | D:1      | Found a faded altar of an unknown god.
   512 | D:1      | Became a worshipper of Sif Muna the Loreminder
   512 | D:1      | Reached * piety under Sif Muna
   673 | D:1      | Gained mutation: Spells you cast may paralyse adjacent
                  | enemies. [demonic ancestry]
   673 | D:1      | Reached XP level 3. HP: 28/28 MP: 3/3
  1079 | D:2      | Noticed Sigmund
  1089 | D:2      | Killed Sigmund
  1090 | D:2      | Reached skill level 4 in Staves
  1090 | D:2      | Reached XP level 4. HP: 14/35 MP: 4/4
  1090 | D:2      | Gained mutation: You have hoof-like feet. [demonic
                  | ancestry]
  1090 | D:2      | Reached XP level 5. HP: 17/41 MP: 5/5
  2176 | D:2      | Noticed Natasha
  2195 | D:2      | Killed Natasha
  2196 | D:2      | Gained mutation: You have hooves in place of feet. [demonic
                  | ancestry]
  2196 | D:2      | Reached XP level 6. HP: 20/47 MP: 6/6
  2409 | D:2      | Reached ** piety under Sif Muna
  2492 | D:2      | Found a shimmering blue altar of Sif Muna.
  2630 | D:2      | Noticed Natasha
  2642 | D:2      | Killed Natasha
  2787 | D:3      | Reached skill level 5 in Staves
  2967 | D:3      | Found a runed translucent door.
  2968 | D:3      | Noticed Crazy Yiuf
  3168 | D:3      | Got the Volume of Enchanting Intoxication
  3234 | D:3      | Found a hazy altar of Hepliaklqana.
  3659 | D:3      | Killed Crazy Yiuf
  3660 | D:3      | Reached skill level 1 in Invocations
  4005 | D:5      | Entered Level 5 of the Dungeon
  4005 | D:5      | Noticed a water moccasin
  4023 | D:4      | Gained mutation: A meltable shield of frost defends you.
                  | (SH +4) [demonic ancestry]
  4023 | D:4      | Reached XP level 7. HP: 22/53 MP: 8/8
  4568 | D:4      | Noticed Duvessa
  4568 | D:4      | Noticed Dowan
  4583 | D:4      | Killed Duvessa
  4595 | D:4      | Killed Dowan
  5020 | D:4      | Reached skill level 6 in Staves
  5079 | D:4      | Reached XP level 8. HP: 47/61 MP: 11/11
  5164 | D:4      | Reached *** piety under Sif Muna
  5165 | D:4      | Reached skill level 5 in Invocations
  5167 | D:4      | Found an ancient bone altar of Kikubaaqudgha.
  5549 | D:3      | Found a hazy altar of Hepliaklqana.
  6148 | D:2      | Noticed Natasha
  6153 | D:2      | Killed Natasha
  6490 | D:2      | Found a shimmering blue altar of Sif Muna.
  6847 | D:5      | Noticed Edmund
  6856 | D:5      | Killed Edmund
  6918 | D:5      | Reached skill level 5 in Dodging
  7013 | D:5      | Reached skill level 5 in Fighting
  7117 | D:5      | Reached skill level 7 in Staves
  7751 | D:5      | Noticed Blork the orc
  7762 | D:5      | Killed Blork the orc
  7763 | D:5      | Gained mutation: Your movements are slightly less
                  | encumbered by armour. (ER -2) [demonic ancestry]
  7763 | D:5      | Reached XP level 9. HP: 58/68 MP: 14/14
  8087 | D:6      | Found a hide-covered altar of Uskayaw.
  8216 | D:6      | Noticed Maggie
  8241 | D:6      | Killed Maggie
  9046 | D:7      | Reached skill level 8 in Staves
  9488 | D:7      | Found a staircase to the Ecumenical Temple.
  9490 | D:7      | Found Pofurph's Armour Shop.
  9981 | D:7      | Reached skill level 1 in Evocations
 10286 | D:7      | Reached **** piety under Sif Muna
 10287 | D:7      | Gained mutation: A meltable icy envelope protects you from
                  | harm. (AC +4) [demonic ancestry]
 10287 | D:7      | Reached XP level 10. HP: 24/77 MP: 17/17
 10864 | D:8      | Reached skill level 10 in Invocations
 11186 | D:8      | Found a staircase to the Lair.
 11257 | D:9      | Noticed a two-headed ogre
 11310 | D:9      | Reached skill level 9 in Staves
 11637 | D:9      | Noticed a two-headed ogre
 11648 | D:9      | Killed a two-headed ogre
 11890 | D:9      | Killed a two-headed ogre
 12317 | D:10     | Entered Level 10 of the Dungeon
 12349 | D:10     | Found Juwneote's General Store.
 12358 | D:10     | Bought a potion of lignification for 36 gold pieces
 12376 | D:10     | Noticed an ogre mage
 12376 | D:10     | Noticed a two-headed ogre
 12376 | D:10     | Noticed a two-headed ogre
 12376 | D:10     | Noticed a two-headed ogre
 12376 | D:10     | Noticed a two-headed ogre
 12565 | D:10     | Noticed a two-headed ogre
 12595 | D:10     | Killed a two-headed ogre
 12608 | D:10     | Gained mutation: Your movements are less encumbered by
                  | armour. (ER -4) [demonic ancestry]
 12608 | D:10     | Reached XP level 11. HP: 72/84 MP: 18/18
 12945 | Lair:1   | Entered Level 1 of the Lair of Beasts
 12948 | Lair:1   | Noticed a six-headed hydra
 12964 | Lair:1   | Reached skill level 10 in Staves
 12965 | Lair:1   | Killed a six-headed hydra
 12991 | Lair:1   | Found a dark tunnel.
 13205 | Volcano  | Entered a volcano
 13258 | Volcano  | Noticed a two-headed ogre
 13258 | Volcano  | Noticed a two-headed ogre
 13258 | Volcano  | Noticed a two-headed ogre
 13783 | Volcano  | Noticed a two-headed ogre
 13783 | Volcano  | Noticed a hell hog
 13799 | Volcano  | Noticed a glowing shapeshifter
 13799 | Volcano  | a two-headed ogre changed into a glowing shapeshifter
 13800 | Volcano  | Noticed a fire dragon
 13800 | Volcano  | a glowing shapeshifter changed into a fire dragon
 13803 | Volcano  | a fire dragon changed into a merfolk
 13807 | Volcano  | Noticed a two-headed ogre
 13807 | Volcano  | a merfolk changed into a two-headed ogre
 13813 | Volcano  | Killed a two-headed ogre
 13827 | Volcano  | Killed a hell hog
 13828 | Volcano  | Reached skill level 5 in Evocations
 14169 | Volcano  | Killed a two-headed ogre
 14212 | Volcano  | Killed a two-headed ogre
 14233 | Volcano  | Killed a two-headed ogre
 14266 | Volcano  | Killed a two-headed ogre
 14642 | Lair:1   | Noticed Sonja
 14646 | Lair:1   | Killed Sonja
 15109 | Lair:1   | Reached skill level 11 in Staves
 15899 | Lair:2   | Found a hole to the Spider Nest.
 16326 | Lair:2   | Gained mutation: You punish those that try to bend your
                  | will. (Will+) [demonic ancestry]
 16326 | Lair:2   | Reached XP level 12. HP: 72/95 MP: 19/19
 16666 | Lair:2   | You fall into a shaft and drop 1 floor!
 17157 | Lair:3   | Reached skill level 12 in Staves
 17968 | Lair:3   | Found a staircase to the Swamp.
 18015 | Lair:3   | Noticed a boulder beetle
 18035 | Lair:3   | Killed a boulder beetle
 18427 | Lair:3   | Reached skill level 10 in Fighting
 18458 | Lair:4   | Noticed an ice dragon
 18547 | Lair:4   | Noticed a five-headed hydra
 18551 | Lair:4   | Killed a five-headed hydra
 18552 | Lair:4   | Reached skill level 13 in Staves
 18797 | Lair:3   | Reached ***** piety under Sif Muna
 18797 | Lair:3   | Received a gift from Sif Muna
 18812 | Lair:3   | Got Sif Muna's Volume of Companions and Cold {god gift}
 19043 | Lair:3   | Learned a level 7 spell: Monstrous Menagerie
 19303 | Lair:4   | Reached skill level 1 in Summonings
 19808 | Lair:4   | Noticed Kirke
 19832 | Lair:3   | Killed Kirke
 19833 | Lair:3   | Reached skill level 14 in Staves
 19833 | Lair:3   | Reached XP level 13. HP: 92/103 MP: 20/20
 20609 | Lair:4   | Reached skill level 5 in Summonings
 20663 | Lair:4   | HP: 5/103 [poisoned by a cane toad]
 21081 | Lair:4   | Noticed Rupert
 23348 | Lair:4   | Killed Rupert
 23933 | Lair:5   | Got the Reference Book on Contamination and Shape Shifting
 24178 | Lair:5   | Reached skill level 10 in Summonings
 25468 | Lair:5   | Gained mutation: Spells you cast may paralyse nearby
                  | enemies. [demonic ancestry]
 25468 | Lair:5   | Reached XP level 14. HP: 46/110 MP: 21/21
 25782 | Lair:6   | Entered Level 6 of the Lair of Beasts
 27247 | Lair:5   | Found a staircase to the Slime Pits.
 28510 | Lair:5   | Identified the -3 buckler of the Imp {rC- Will+ Str+3
                  | Int+5}
 28773 | Slime:1  | Entered Level 1 of the Pits of Slime
 28773 | Slime:1  | Noticed an acid blob
 29788 | Lair:6   | Noticed Nutum's ghost (journeyman OpTm)
 29799 | Lair:6   | Found a transporter.
 29833 | Lair:6   | Noticed Sede's ghost (journeyman HOFi)
 30048 | Lair:6   | Found a transporter.
 30364 | Lair:6   | HP: 4/110 [catoblepas/blast of calcifying dust (5)]
 30378 | Lair:6   | HP: 2/110 [catoblepas (5)]
 30384 | Lair:6   | Killed from afar by a catoblepas

Illustrated notes

Levels and vault maps discovered:
D:1:      dpeg_arrival_shrine, layout_basic, dreamdust_ecumenical_altar_statues,
          minmay_rat_gold_closets
D:2:      layout_basic, basic_altar, serial_curves, eino_curves_01,
          eino_curves_04, grunt_ministairs_2, roderic_lattice_a, minivault_26,
          minmay_lizard_king, uniq_sigmund, uniq_natasha
D:3:      layout_loops_corners, lemuel_doored_altar, uniq_crazy_yiuf_cottage
D:4:      layout_cave_pods, lemuel_mausoleum_altar_kikubaaqudgha, serial_park,
          serial_park_square2, serial_park_square1
          [serial_park_minivault_5x5_8], serial_park_tiny_2,
          serial_park_square2, chequers_serial_rivers_small_a, uniq_duvessa
D:5:      layout_loops_ring, kennysheep_crisscross, uniq_edmund,
          uniq_blork_the_orc
D:6:      layout_loops_ring, mainiacjoe_overflow_tiny_flanked, uniq_maggie
D:7:      layout_gridville, minmay_temple_entry_from_below_b, serial_shops,
          shop, grunt_ministairs_1
D:8:      layout_rooms, grunt_lair_entry_orc_guard_hut, grunt_decor_arrowhead,
          hangedman_decor_push, abandoned_shop
D:9:      layout_rooms
D:10:     layout_roguey, gammafunk_temple_overflow_claw, erik_orc_4,
          serial_shops, nicolae_diamond_shop
Lair:1:   layout_regular_city, nicolae_volcano_entry_lava_flow, serial_forest,
          infiniplex_forest_end_1, infiniplex_forest_end_2,
          infiniplex_forest_end_3, infiniplex_forest_clump_double,
          infiniplex_forest_corner_2, infiniplex_forest_corner_2,
          infiniplex_forest_end_1, infiniplex_forest_straight_4,
          infiniplex_forest_clump_medium, infiniplex_forest_lined_2, uniq_sonja
Lair:2:   layout_regular_city, spider_nest_entry_web_field, uniq_fannar
Lair:3:   layout_cave_pods, nicolae_swamp_entry_splash_gauntlet, serial_rivers,
          chequers_serial_rivers_micro_c, chequers_serial_rivers_micro_b,
          chequers_serial_rivers_small_b, chequers_serial_rivers_small_a,
          chequers_serial_rivers_micro_a, chequers_serial_rivers_large_b
Lair:4:   layout_regular_city, ice2_lemuel, lemuel_fruit_fields, uniq_kirke,
          uniq_rupert
Lair:5:   nzn_winding_woodlands_huge [nzn_winding_woodlands_5x15_eye,
          nzn_winding_woodlands_5x15_sidewinder,
          nzn_winding_woodlands_5x15_concentric,
          nzn_winding_woodlands_5x15_pool, nzn_winding_woodlands_5x15_garden,
          nzn_winding_woodlands_5x15_parted, nzn_winding_woodlands_5x15_default,
          nzn_winding_woodlands_5x15_lazy_stream,
          nzn_winding_woodlands_5x15_crooked,
          nzn_winding_woodlands_5x15_sawtooth,
          nzn_winding_woodlands_center_triple_pond,
          nzn_winding_woodlands_center_pierced_h,
          nzn_winding_woodlands_15x15_five_gardens], layout_loops_ring,
          minmay_slime_entry_pillars
Lair:6:   evilmike_catoblepas_cave, layout_long_grid, nzn_ghost_randoct,
          serial_bayou_lake_a
Slime:1:  layout_caves

Skill      XL: |  1  2  3  4  5  6  7  8  9 10 11 12 13 14 |
---------------+-------------------------------------------+-----
Staves         | 3 4 5 6 7 8 9 11 14 | 14.0
Dodging        | 3 4 5 6 7 8 |  8.0
Fighting       | 3 4 5 6 7 9 10 | 10.0
Invocations    | 2 4 7 9 10 | 10.0
Evocations     | 1 4 6 |  6.0
Summonings     | 2 11 13 | 13.7
Throwing       | |  1.7

Action                   |  1- 3 |  4- 6 |  7- 9 | 10-12 | 13-15 || total
-------------------------+-------+-------+-------+-------+-------++-------
Melee: Quarterstaff      |    91 |    10 |   271 |   499 |   418 ||  1289
       Kick              |     9 |    51 |   114 |   241 |   372 ||   787
       Whip              |       |   152 |    33 |    68 |   321 ||   574
Throw: Throwing net      |     1 |       |       |     1 |     3 ||     5
Evoke: Wand              |       |       |       |    26 |    25 ||    51
  Use: Scroll            |       |     3 |     6 |    10 |     7 ||    26
       Potion            |       |       |     4 |     2 |     2 ||     8
 Stab: Sleeping          |     1 |       |       |     1 |       ||     2
       Held in net/web   |     1 |       |       |     2 |     2 ||     5
       Paralysed         |       |       |     1 |    10 |    13 ||    24
       Distracted        |       |       |     1 |       |     1 ||     2
       Petrifying        |       |       |     1 |       |       ||     1
       Confused          |       |       |       |     1 |       ||     1
Armor: Leather armour    |    15 |       |     1 |    40 |       ||    56
       Ring mail         |     9 |    51 |       |       |       ||    60
       Scale mail        |       |     2 |    92 |   116 |   188 ||   398
Dodge: Dodged            |    48 |    95 |   176 |   435 |   413 ||  1167
Block: Other             |       |       |    39 |    80 |    80 ||   199
